 Dungeon Crawl Stone Soup version 0.22.1-1-ga44c0e56f4 (webtiles) character file.

92 Nebulos the Magician (level 4, 0/24 HPs)
             Began as a Deep Elf Fire Elementalist on Sept 20, 2018.
             Slain by a hound (1 damage)
             ... on level 5 of the Dungeon on Sept 21, 2018.
             The game lasted 00:07:52 (2583 turns).

Nebulos the Magician (Deep Elf Fire Elementalist)   Turns: 2583, Time: 00:07:53

Health: 0/24       AC:  3    Str:  5    XL:     4   Next: 35%
Magic:  4/12       EV: 13    Int: 21    God:
Gold:   124        SH:  0    Dex: 15    Spells: 10/11 levels left

rFire    . . .     SeeInvis .   k - +0 dagger
rCold    . . .     Gourm    .   (no shield)
rNeg     . . .     Faith    .   a - +0 robe
rPois    .         Spirit   .   (no helmet)
rElec    .         Reflect  .   (no cloak)
rCorr    .         Harm     .   (no gloves)
MR       .....                  b - +0 pair of boots
Stlth    ++........             (no amulet)
HPRegen  0.08/turn              (no ring)
MPRegen  0.13/turn              (no ring)

@: no status effects
A: no striking features
a: no special abilities


You were on level 5 of the Dungeon.
You were not hungry.

You visited 1 branch of the dungeon, and saw 5 of its levels.

You collected 124 gold pieces.

Inventory:

Hand Weapons
 k - a +0 dagger (weapon)
Armour
 a - a +0 robe (worn)
 b - a +0 pair of boots (worn)
Jewellery
 i - an uncursed ring of flight {unknown}
Scrolls
 d - 2 scrolls of enchant armour {unknown}
 g - 2 scrolls of noise {unknown}
 h - 4 scrolls of identify {unknown}
 j - 3 scrolls of remove curse {unknown}
 m - a scroll of blinking {unknown}
Potions
 e - 2 potions of magic {unknown}
 f - 2 potions of brilliance {unknown}
 l - 2 potions of lignification {unknown}
 o - a potion of heal wounds {unknown}
Comestibles
 c - 5 rations
 n - a chunk of flesh


   Skills:
 + Level 2.8 Dodging
 - Level 2.5 Stealth
 * Level 4.3 Spellcasting
 * Level 2.6 Conjurations
 + Level 4.1 Fire Magic


You had 10 spell levels left.
You knew the following spells:

 Your Spells              Type           Power        Failure   Level  Hunger
a - Flame Tongue          Conj/Fire      ###..        3%          1    None

Your spell library contained the following spells:

 Spells                   Type           Power        Failure   Level  Hunger
 Throw Flame              Conj/Fire      ###...       4%          2    #......
 Conjure Flame            Conj/Fire      ###.....     9%          3    ##.....
 Inner Flame              Hex/Fire       ##......     16%         3    ##.....
 Sticky Flame             Conj/Fire      ###.....     28%         4    ####...
 Fireball                 Conj/Fire      ###.......   63%         5    ######.


Dungeon Overview and Level Annotations

Branches:
Dungeon (6/15)
 Temple: D:4-7

Altars:
Dithmenos


Message History

Confirm with . or Enter, or press ? or * to list all spells.
Aiming: Flame Tongue (safe; 3% risk of failure)
Press: ? - help, Shift-Dir - straight line, f/p - hound
Aim: a hound (moderately wounded)
The flame tongue hits the hound.
The hound is almost dead.
The hound closely misses you.
The bullfrog skeleton completely misses you.
The hound completely misses you.
Casting: Flame Tongue (safe; 3% risk of failure)
Confirm with . or Enter, or press ? or * to list all spells.
Aiming: Flame Tongue (safe; 3% risk of failure)
Press: ? - help, Shift-Dir - straight line, f/p - hound
Aim: a hound (almost dead)
The flame tongue hits the hound.
The hound is almost dead.
The bullfrog skeleton hits you.
* * * LOW HITPOINT WARNING * * *
The hound bites you.
You die...

#### . #####..
..
##...#.###...
###......#.....
...........#
#....>.# .
##...#.###....
#####@.......
#...Zh..##.#
#.......#
#.......#
#).<.....?
#?......##.
#.......# .
#.......#


You could see a hound and a bullfrog skeleton.

Vanquished Creatures
  2 adders
  3 oozes
  An adder zombie (D:6)
  A worm (D:1)
  A dart slug (D:1)
  3 leopard geckos
  2 ball pythons
  5 bats
  6 giant cockroaches
  5 hobgoblins
  6 jackals
  A frilled lizard (D:1)
  4 goblins
  9 rats
49 creatures vanquished.

Notes
Turn   | Place    | Note
-------+----------+-------------------------------------------
     0 | D:1      | Nebulos the Deep Elf Fire Elementalist began the quest for
                  | the Orb.
     0 | D:1      | Reached XP level 1. HP: 10/10 MP: 6/6
     3 | D:1      | Found a runed door.
   307 | D:1      | Reached XP level 2. HP: 7/15 MP: 1/8
   744 | D:1      | Reached XP level 3. HP: 4/19 MP: 1/10
  1733 | D:2      | Found a faded altar of an unknown god.
  1780 | D:2      | Found a shadowy altar of Dithmenos.
  2288 | D:2      | Reached XP level 4. HP: 24/24 MP: 10/12
  2508 | D:3      | You fall through a shaft for 3 floors!
  2571 | D:6      | Noticed a centaur
  2574 | D:5      | Entered Level 5 of the Dungeon
  2583 | D:5      | HP: 1/24 [bullfrog skeleton (4)]
  2583 | D:5      | Slain by a hound

Skill      XL: |  1  2  3 |
---------------+----------+-----
Fire Magic     | 4 |  4.1
Spellcasting   | 4 |  4.3
Conjurations   | 2 |  2.6
Dodging        | |  2.8
Stealth        | |  2.5

Action                   |  1- 3 |  4- 6 || total
-------------------------+-------+-------++-------
Melee: Unarmed           |    10 |       ||    10
       Dagger            |     4 |    28 ||    32
 Cast: Flame Tongue      |    73 |    20 ||    93
  Eat: Chunk             |     4 |     1 ||     5
Armor: Robe              |    12 |    10 ||    22
Dodge: Dodged            |    41 |    23 ||    64
